 Dungeon Crawl Stone Soup version 0.20.1-1-g8b1a95d (webtiles) character file.

1304 Zachthehappycat the Skirmisher (level 8, -4/71 HPs)
             Began as a Minotaur Berserker on July 9, 2017.
             Was a Priest of Trog.
             Slain by an orc warrior
             ... wielding a cursed -3 scimitar
              (13 damage)
             ... on level 6 of the Dungeon.
             The game lasted 00:10:25 (4074 turns).

Zachthehappycat the Skirmisher (Minotaur Berserker) Turns: 4074, Time: 00:10:26

Health: -4/71      AC: 15    Str: 24    XL:     8   Next: 31%
Magic:  9/9        EV:  9    Int:  4    God:    Trog [***...]
Gold:   232        SH:  0    Dex: 10    Spells: 7/7 levels left

rFire    . . .     SeeInvis .   a - +0 mace
rCold    . . .     Gourm    .   (no shield)
rNeg     . . .     Faith    .   i - +0 plate armour
rPois    .         Spirit   .   (helmet restricted)
rElec    .         Reflect  .   (no cloak)
rCorr    .         Harm     .   E - +0 pair of gloves (curse)
MR       .....                  y - +0 pair of boots
Stlth    ..........             (no amulet)
Regen    0.3/turn               (no ring)
MPRegen  0.2/turn               (no ring)

@: berserk cooldown, slowed, very slow
A: retaliatory headbutt, horns 2
a: Berserk, Trog's Hand, Burn Spellbooks, Renounce Religion


You were on level 6 of the Dungeon.
You worshipped Trog.
Trog was most pleased with you.
You were not hungry.

You visited 1 branch of the dungeon, and saw 6 of its levels.

You collected 232 gold pieces.

Inventory:

Hand Weapons
 a - a +0 mace (weapon)
 z - a +1 morningstar of holy wrath
 F - a +0 great sword
Missiles
 n - 8 tomahawks
 p - 5 steel tomahawks
 r - 64 stones (quivered)
Armour
 i - a +0 plate armour (worn)
 y - a +0 pair of boots (worn)
 E - a cursed +0 pair of gloves (worn)
Wands
 q - a wand of random effects (33/48)
Scrolls
 d - 5 scrolls of identify {unknown}
 g - 2 scrolls of teleportation {unknown}
 k - 4 scrolls of remove curse {unknown}
 l - a scroll of fog {unknown}
 o - a scroll of enchant weapon {unknown}
 u - a scroll of random uselessness {unknown}
 v - 2 scrolls of fear {unknown}
 w - a scroll of magic mapping {unknown}
 x - a scroll of noise {unknown}
 B - 3 scrolls of amnesia {unknown}
Potions
 b - a potion of flight {unknown}
 e - 2 potions of degeneration {unknown}
 j - a potion of ambrosia
 s - a potion of berserk rage {unknown}
 t - 2 potions of haste {unknown}
 A - a potion of cancellation {unknown}
 D - a potion of resistance {unknown}
Comestibles
 c - 4 bread rations
 f - 4 meat rations
 m - 4 fruits
 C - a chunk of flesh


   Skills:
 + Level 6.7 Fighting
 + Level 6.6 Maces & Flails
 + Level 6.4 Armour
 + Level 5.5 Dodging
 + Level 2.7 Evocations


You had 7 spell levels left.
You didn't know any spells.

Dungeon Overview and Level Annotations

Branches:
Dungeon (6/15)             Temple (0/1) D:5

Altars:


Innate Abilities, Weirdness & Mutations

You reflexively headbutt those who attack you in melee.
You have a pair of horns on your head.


Message History

You headbutt the orc warrior, but do no damage.
The orc hits you but does no damage.
You feel better. The orc hits you but does no damage. x2
The orc warrior barely misses you.
You feel better. The orc hits you but does no damage.
The orc barely misses you.
The orc warrior hits you with a scimitar.
* * * LOW HITPOINT WARNING * * *
The orc closely misses you. The orc hits you but does no damage.
Eat one of 2 chunks of flesh? (ye/n/q)
You eat one of the 2 chunks of flesh.
This raw flesh tastes terrible.
The orc warrior hits you but does no damage.
The orc hits you with a short sword.
* * * LOW HITPOINT WARNING * * *
The orc closely misses you.
The orc warrior hits you but does no damage.
You barely miss the orc warrior. Your headbutt misses the orc warrior.
The orc hits you but does no damage. x2
The orc warrior hits you with a scimitar!
You die...

#.# #.# #####.#.####'#######
#.....#............#
#.....#............#
#.....#............#
#.....#............# #######
#.....#............#
####.....####....o#............#
.....†....(().((@o'......).....##
####.....####....o######.#.......
#...............).....#.......
#....##################.......
###### #####....... #...<.......
#.###....... #....... ..######


You could see an orc warrior and 2 orcs.

Vanquished Creatures
  The ghost of Frqise the Covered, an amateur HOFi of Kikubaaqudgha (D:4)
  Menkaure (D:6)
  An ice beast (D:5)
  A phantom (D:4)
  2 ogres (D:6)
  2 bullfrogs (D:6)
  A howler monkey (D:4)
  A crimson imp (D:6)
  A bullfrog zombie (D:5)
  A hound (D:5)
  3 orc wizards
  2 orc priests (D:5)
  2 iguanas (D:4)
  Ijyb (D:3)
  Natasha (D:3)
  A hound zombie (D:6)
  Robin (D:3)
  2 adders (D:5)
  A shadow imp (D:5)
  An ooze (D:2)
  6 worms
  2 dart slugs
  2 leopard geckos (D:3)
  18 orcs
  3 bats
  3 giant cockroaches
  10 hobgoblins
  11 jackals
  4 kobolds
  2 ball pythons
  5 frilled lizards (D:2)
  16 goblins
  5 rats
114 creatures vanquished.

Notes
Turn   | Place    | Note
-------+----------+-------------------------------------------
     0 | D:1      | Zachthehappycat the Minotaur Berserker began the quest for the Orb.
     0 | D:1      | Reached XP level 1. HP: 19/19 MP: 0/0
   199 | D:1      | Reached XP level 2. HP: 24/27 MP: 1/1
   717 | D:2      | Reached XP level 3. HP: 31/33 MP: 2/2
   991 | D:2      | Reached ** piety under Trog
  1213 | D:3      | Reached XP level 4. HP: 38/40 MP: 3/3
  1260 | D:3      | Noticed Robin
  1274 | D:3      | Noticed Ijyb
  1290 | D:3      | Killed Ijyb
  1290 | D:3      | Reached XP level 5. HP: 27/47 MP: 4/4
  1293 | D:3      | Killed Robin
  1402 | D:3      | Found a faded altar of an unknown god.
  1447 | D:3      | Noticed Natasha
  1449 | D:3      | Killed Natasha
  1883 | D:4      | Noticed Frqise's ghost (amateur HOFi)
  1897 | D:4      | Killed Frqise's ghost
  1897 | D:4      | Reached skill level 5 in Fighting
  1897 | D:4      | Reached skill level 5 in Maces & Flails
  1897 | D:4      | Reached skill level 5 in Armour
  1897 | D:4      | Reached XP level 6. HP: 43/56 MP: 5/5
  2653 | D:4      | Reached *** piety under Trog
  2782 | D:4      | Reached skill level 1 in Evocations
  2782 | D:4      | Reached XP level 7. HP: 50/61 MP: 6/6
  3032 | D:5      | Entered Level 5 of the Dungeon
  3569 | D:5      | Found a staircase to the Ecumenical Temple.
  3795 | D:5      | Reached skill level 5 in Dodging
  4043 | D:6      | Reached XP level 8. HP: 63/71 MP: 8/8
  4053 | D:6      | Noticed Menkaure
  4061 | D:6      | Killed Menkaure
  4070 | D:6      | HP: 1/71 [orc warrior/scimitar (12)]
  4074 | D:6      | Slain by an orc warrior

Skill      XL: |  1  2  3  4  5  6  7 |
---------------+----------------------+-----
Maces & Flails | 4 5 6 |  6.6
Fighting       | 4 5 6 |  6.7
Armour         | 3 4 5 6 |  6.4
Dodging        | 3 4 5 |  5.5
Evocations     | 1 2 |  2.7

Action                   |  1- 3 |  4- 6 |  7- 9 || total
-------------------------+-------+-------+-------++-------
Melee: Mace              |    95 |   136 |    77 ||   308
       Headbutt          |    12 |    32 |    15 ||    59
Throw: Stone             |       |     2 |       ||     2
Invok: Berserk           |     1 |       |     2 ||     3
  Use: Potion            |     2 |       |     2 ||     4
  Eat: Chunk             |     2 |     5 |     6 ||    13
Armor: Animal skin       |     5 |       |       ||     5
       Plate armour      |    54 |   128 |    49 ||   231
       Chain mail        |     3 |       |       ||     3
Dodge: Dodged            |    48 |    75 |    43 ||   166
